 Dungeon Crawl Stone Soup version 0.29.1-2-gbd0b4ee654 (webtiles) character file.

Game seed: 6543201348717975681

138 Hiippo the Trooper (level 5, -1/42 HPs)
             Began as a Human Air Elementalist on Nov 30, 2022.
             Slain by an ogre
             ... wielding a +0 giant spiked club
              (10 damage)
             ... on level 4 of the Dungeon.
             The game lasted 00:16:21 (3523 turns).

Hiippo the Trooper (Human Air Elementalist)         Turns: 3523, Time: 00:16:23

Health: -1/42      AC: 13    Str: 10    XL:     5   Next: 45%
Magic:  8/8        EV:  4    Int: 16    God:
Gold:   210        SH:  5    Dex: 13    Spells: 7/8 levels left

rFire   . . .      SeeInvis +   s - +0 rapier (speed)
rCold   . . .      Faith    .   f - +2 buckler {AC+3}
rNeg    . . .      Spirit   .   j - +0 chain mail
rPois   .          Reflect  .   i - +0 helmet
rElec   .          Harm     .   (no cloak)
rCorr   .          Rampage  .   o - +0 pair of gloves
Will    .....                   (no boots)
Stlth   ..........              y - amulet of regeneration
HPRegen 0.94/turn               v - ring of see invisible
MPRegen 0.11/turn               (no ring)

@: no status effects
A: no striking features
a: no special abilities


You were on level 4 of the Dungeon.
You visited 1 branch of the dungeon, and saw 4 of its levels.

You collected 210 gold pieces.

Inventory:

Hand Weapons
 c - a +0 dagger of flaming
 s - a +0 rapier of speed (weapon)
Missiles
 e - 3 poisoned darts (quivered)
Armour
 f - a +2 buckler of protection (worn)
 i - a +0 helmet (worn)
 j - a +0 chain mail (worn)
 o - a +0 pair of gloves (worn)
Jewellery
 u - a ring of ice
 v - a ring of see invisible (left hand)
 y - an amulet of regeneration (around neck)
Scrolls
 g - a scroll of magic mapping {unknown}
 k - a scroll of immolation {unknown}
 r - a scroll of blinking {unknown}
 t - a scroll of identify {unknown}
 w - a scroll of teleportation {unknown}
 x - 3 scrolls of fog {unknown}
 z - 3 scrolls of enchant weapon {unknown}
Potions
 a - 2 potions of lignification {unknown}
 b - a potion of magic
 d - 2 potions of might {unknown}
 h - 5 potions of curing {unknown}
 l - a potion of brilliance {unknown}
 m - a potion of cancellation {unknown}
 n - a potion of invisibility {unknown}
 p - 2 potions of attraction {unknown}
 q - 2 potions of mutation {unknown}


   Skills:
 + Level 3.7 Fighting
 + Level 2.4 Short Blades
 - Level 2.0 Dodging
 - Level 2.0 Stealth
 - Level 2.0 Spellcasting
 - Level 1.0 Conjurations
 - Level 3.0 Air Magic


You had 7 spell levels left.
You knew the following spells:

 Your Spells              Type           Power      Damage    Failure   Level
a - Shock                 Conj/Air       32%        1d5       100%        1

Your spell library contained the following spells:

 Spells                   Type           Power      Damage    Failure   Level
 Static Discharge         Conj/Air       8%         3-4/arc   100%        2
 Swiftness                Air            11%        N/A       100%        3
 Airstrike                Air            5%         2d(1-17)  100%        4


Dungeon Overview and Level Annotations

Branches:
Dungeon (4/15)
 Temple: D:4-7

Altars:
Elyvilon
Xom


Message History

You throw a poisoned dart. The poisoned dart hits the ogre.
The ogre is poisoned.
Throw: 5 darts (poison)
Press: ? - help, Q - select action, (/) - cycle Shift-Dir - straight line, f/p - ogre
Aim: an ogre, wielding a +0 giant spiked club (poisoned, 73% to hit)
You throw a poisoned dart.
The poisoned dart barely misses the ogre.
Throw: 4 darts (poison)
Press: ? - help, Q - select action, (/) - cycle Shift-Dir - straight line, f/p - ogre
Aim: an ogre, wielding a +0 giant spiked club (poisoned, 73% to hit)
You throw a poisoned dart. The poisoned dart hits the ogre.
The ogre looks even sicker.
The ogre attacks as you move away!
The ogre hits you with a +0 giant spiked club!!
Ouch! That really hurt!
The ogre looks more healthy.
An ogre is nearby!
The ogre shouts!
The ogre barely misses you.
The ogre hits you with a +0 giant spiked club!!
Ouch! That really hurt!
A goblin comes into view. It is wielding a +2 dagger of speed.
The goblin shouts!
The ogre attacks as you move away! The ogre barely misses you.
The ogre attacks as you move away! The ogre hits you but does no damage.
There is a stone staircase leading up here.
You climb upwards.
There is a stone staircase leading down here.
You start resting.
HP restored.
There is a stone staircase leading up here.
You see here 7 stones.
There is a stone staircase leading down here.
You climb downwards.
The ogre hits you with a +0 giant spiked club!
The ogre hits you with a +0 giant spiked club!!
* * * LOW HITPOINT WARNING * * *
There is a stone staircase leading up, spattered with blood here.
The ogre hits you with a +0 giant spiked club!
You die...

######### #....@g<#
##### ##....OO.###...##
#........##.....#
#...........###)#######
####........##.#
#........
#..>........##.#
#.######.
###.##.###....##.. ###
#. ###
#...###...###...###
#..† #.#
#.#..#.....#.###.#
#.###


You could see 2 ogres and a goblin.

Vanquished Creatures
  A hound (D:4)
  3 adders
  A dart slug (D:3)
  8 endoplasms
  3 giant cockroaches
  6 goblins
  9 hobgoblins
  13 jackals
  6 kobolds
  3 quokkas
  5 ball pythons
  4 bats
  3 frilled lizards
  4 rats
69 creatures vanquished.

Notes
Turn   | Place    | Note
-------+----------+-------------------------------------------
     0 | D:1      | Hiippo the Human Air Elementalist began the quest for the
                  | Orb.
     0 | D:1      | Reached XP level 1. HP: 13/13 MP: 3/3
   339 | D:1      | Reached skill level 1 in Fighting
   357 | D:1      | Reached XP level 2. HP: 21/21 MP: 5/5
   717 | D:1      | Reached XP level 3. HP: 25/27 MP: 6/6
  1620 | D:2      | Identified the +1 leather armour of the End {rPois rN+
                  | Str+6 Slay-6}
  1744 | D:2      | Reached XP level 4. HP: 34/34 MP: 7/7
  1795 | D:2      | Reached skill level 1 in Short Blades
  1952 | D:2      | Found a white marble altar of Elyvilon.
  2065 | D:2      | Found a faded altar of an unknown god.
  2794 | D:3      | Found a shimmering altar of Xom.
  2873 | D:3      | Reached XP level 5. HP: 41/41 MP: 8/8
  3131 | D:4      | Noticed an ogre
  3294 | D:4      | Noticed an ogre
  3523 | D:4      | Slain by an ogre

Illustrated notes

Levels and vault maps discovered:
D:1:      minmay_arrival_wavy_path, layout_basic
D:2:      layout_loops_ring, basic_altar, ebering_ecumenical_altar_rust
D:3:      layout_loops_ring, mainiacjoe_overflow_small_starburst, minmay_vboxes
D:4:      nicolae_cairo_tiling, layout_loops_ring, gammafunk_ghost_grave,
          sigmund_edmund_badplayer

Skill      XL: |  1  2  3  4  5 |
---------------+----------------+-----
Fighting       | 1 2 3 |  3.7
Short Blades   | 1 2 |  2.4
Dodging        | |  2.0
Stealth        | |  2.0
Spellcasting   | |  2.0
Conjurations   | |  1.0
Air Magic      | |  3.0

Action                   |  1- 3 |  4- 6 || total
-------------------------+-------+-------++-------
Melee: Unarmed           |    12 |       ||    12
       Dagger            |   119 |   116 ||   235
       Rapier            |       |    56 ||    56
Throw: Boomerang         |    25 |       ||    25
       Dart              |     2 |     4 ||     6
 Stab: Sleeping          |     1 |       ||     1
Armor: Robe              |    22 |       ||    22
       Chain mail        |    40 |   154 ||   194
Dodge: Dodged            |    51 |    47 ||    98
Block: Buckler           |    27 |    57 ||    84
